Map: Magma Mines

Players

Night - Winner!

  • Race: Zerg Zerg
  • Spawn Location: 11:00

iAmJeffReY - Winner!

  • Race: Terran Terran
  • League: Master
  • Spawn Location: 9:00

llllllllllll

  • Race: Terran Terran
  • Spawn Location: 3:00

KingKong

  • Race: Zerg Zerg
  • Spawn Location: 1:00

VOD

Have the link to the VOD?

Description

Time

  • Played on: April 2, 2017, 12:26 a.m.
  • Length: 14:43
Show
View Real Time Build Order
Export as new Build Order

Night Zerg - Winner!

Build Orders: Hatch First 

Get SALT Encoding   

  12  0:01  Drone  
  13  0:12  Overlord  
  13  0:18  Drone  
  14  0:31  Drone x2  
  16  0:35  Drone  
  17  0:55  Hatchery  
  17  0:57  Drone  
  17  1:00  Drone  
  18  1:07  Extractor  
  17  1:17  Spawning Pool  
  16  1:19  Drone  
  16  1:23  Drone  
  18  1:34  Drone  
  19  1:40  Overlord  
  19  1:53  Drone  
  20  2:09  Queen x2, Metabolic Boost  
  20  2:15  Drone  
  25  2:19  Drone x2  
  27  2:27  Drone  
  27  2:28  Drone  
  29  2:35  Hatchery  
  28  2:38  Drone x2  
  28  2:43  Drone  
  28  2:44  Drone  
  32  2:52  Drone  
  32  2:53  Roach Warren, Extractor  
  32  2:55  Overlord  
  31  3:02  Drone  
  32  3:06  Drone  
  33  3:16  Drone x3  
  33  3:17  Drone  
  33  3:18  Drone  
  38  3:20  Overlord  
  38  3:21  Zergling x2  
  39  3:28  Zergling x4  
  41  3:36  Roach  
  41  3:38  Overlord  
  43  3:48  Roach  
  43  3:49  Roach x2  
  49  3:56  Roach x4  
  49  3:57  Roach  
  49  3:58  Overlord  
  49  4:02  Roach  
  60  4:06  Roach  
  60  4:09  Overlord  
  64  4:18  Roach x3  
  64  4:19  Overlord  
  66  4:31  Roach x4  
  66  4:32  Roach  
  66  4:36  Zergling x2  
  66  4:37  Overlord x2  
  75  4:41  Overlord  
  75  4:43  Roach  
  70  4:51  Roach  
  72  5:02  Ravager  
  72  5:05  Zergling x14  
  80  5:15  Ravager  
  80  5:16  Zergling x4  
  80  5:18  Hatchery  
  80  5:19  Overlord  
  80  5:20  Spore Crawler  
  81  5:24  Zergling x2  
  81  5:27  Ravager  
  79  5:29  Zergling x6  
  82  5:38  Zergling x6  
  82  5:39  Zergling x4  
  73  5:49  Zergling x4  
  61  5:59  Zergling x4  
  61  6:02  Zergling x2  
  61  6:03  Zergling x8  
  57  6:05  Lair  
  57  6:09  Drone, Evolution Chamber  
  50  6:17  Drone x2  
  51  6:26  Roach x2  
  51  6:34  Roach x3  
  56  6:41  Drone x3  
  56  6:42  Zerg Missile Weapons Level 1, Extractor  
  56  6:44  Queen  
  60  6:51  Roach x5  
  70  6:56  Drone  
  71  7:04  Overseer  
  71  7:07  Roach x2  
  73  7:11  Extractor  
  73  7:12  Drone x3  
  74  7:17  Overseer  
  74  7:20  Drone x2  
  77  7:22  Drone  
  77  7:25  Drone  
  77  7:26  Drone x2  
  77  7:27  Drone x3  
  83  7:30  Glial Reconstitution  
  83  7:39  Drone  
  83  7:43  Overlord x2  
  84  7:44  Roach x2  
  84  7:45  Roach x2  
  84  7:48  Drone  
  93  7:54  Unknown  
  93  7:58  Roach x6  
  105  8:06  Overlord x2  
  105  8:07  Evolution Chamber  
  104  8:17  Roach x2  
  104  8:18  Roach x3  
  114  8:32  Roach  
  114  8:33  Roach x6  
  120  8:41  Roach x5  
  127  8:43  Overlord x2  
  129  8:52  Overlord x2, Extractor  
  128  8:57  Roach  
  128  9:01  Ravager  
  128  9:02  Ravager x2, Overlord  
  133  9:08  Roach x2  
  101  9:18  Roach  
  101  9:19  Roach x5  
  96  9:28  Overseer  
  96  9:30  Roach x3  
  93  9:49  Roach x4  
  99  10:05  Roach x3  
  99  10:06  Roach  
  84  10:20  Roach x3  
  73  10:32  Roach x2  
  73  10:34  Ravager x2  
  75  10:51  Roach x3  
  67  11:21  Spire  
  23  12:02  Queen  
  25  12:33  Mutalisk x6, Zerg Flyer Weapons Level 1  
  37  12:48  Mutalisk  
  37  12:49  Hatchery, Mutalisk  
  40  12:59  Mutalisk x2  
  44  13:10  Mutalisk x3  
  50  13:13  Mutalisk x2  
  54  13:22  Mutalisk x2  
  58  13:28  Mutalisk  
  60  13:38  Mutalisk  
  62  14:01  Mutalisk  
Show
View Real Time Build Order
Export as new Build Order

iAmJeffReY Terran - Winner!

Build Orders: Reaper Expand, MMM Bio 

Get SALT Encoding   

  12  0:00  SCV  
  13  0:13  SCV  
  14  0:17  Supply Depot  
  14  0:25  SCV  
  15  0:39  SCV, Barracks  
  16  0:46  Refinery  
  16  0:51  SCV  
  17  1:03  SCV  
  18  1:15  SCV  
  19  1:29  Orbital Command  
  19  1:30  Reaper  
  20  1:56  Command Center  
  20  1:57  SCV  
  21  2:02  Supply Depot  
  21  2:06  Reaper  
  22  2:10  SCV  
  23  2:22  SCV, Barracks  
  23  2:36  Barracks  
  23  2:38  SCV  
  23  2:40  Barracks Reactor  
  24  2:45  Supply Depot  
  24  2:50  SCV  
  25  3:02  SCV  
  26  3:14  SCV  
  26  3:19  Marine x2  
  29  3:20  Barracks Tech Lab  
  29  3:21  Orbital Command, Refinery  
  29  3:27  Barracks Reactor  
  28  3:37  SCV, Marine x2  
  31  3:46  Marine  
  32  3:55  Marine x2  
  34  3:57  Stimpack  
  31  4:11  Marine x2  
  31  4:12  Marine  
  31  4:13  Marine  
  31  4:16  SCV  
  36  4:20  Factory, Orbital Command  
  28  4:41  Marine x3  
  28  4:42  Marine  
  28  4:43  SCV  
  31  4:53  SCV  
  31  4:55  SCV  
  31  4:58  Marine  
  31  4:59  Marine x2  
  35  5:00  Barracks x2  
  35  5:06  SCV  
  37  5:07  Factory Reactor  
  37  5:08  Marine x2  
  37  5:10  SCV  
  37  5:11  Starport  
  40  5:15  Marine  
  40  5:17  Marine  
  40  5:18  SCV  
  40  5:19  Engineering Bay  
  43  5:28  Marine x3  
  43  5:30  SCV x2  
  43  5:34  Supply Depot  
  44  5:42  SCV x2, Marine x2  
  46  5:53  Marine x2  
  46  5:54  SCV x2  
  46  5:55  Marine x3  
  48  6:03  Medivac x2  
  52  6:04  Missile Turret  
  52  6:06  SCV x2  
  52  6:11  Combat Shields  
  54  6:12  Marine x3  
  54  6:13  Marine x2  
  54  6:17  Supply Depot  
  59  6:23  SCV x2  
  61  6:28  Missile Turret  
  61  6:30  Marine  
  61  6:31  Marine x3  
  65  6:41  SCV x2  
  65  6:42  Marine x3  
  70  6:48  Marine  
  67  6:54  SCV  
  67  6:55  SCV, Marine x3  
  67  7:00  Supply Depot x2  
  73  7:03  Barracks Reactor x2  
  73  7:04  Factory Tech Lab, Medivac  
  72  7:09  SCV x2  
  74  7:22  SCV x2  
  75  7:25  Siege Tank  
  75  7:27  Command Center  
  78  7:42  Marine x5  
  78  7:43  Marine x3, Marauder  
  88  7:47  Supply Depot  
  88  7:48  Terran Infantry Weapons Level 1  
  88  7:53  Refinery  
  88  7:59  Marine  
  88  8:00  Marine, Supply Depot  
  90  8:07  Siege Tank, Marine  
  90  8:08  Marine x4  
  90  8:10  Supply Depot  
  97  8:32  Marine  
  91  8:39  Siege Tank  
  91  8:40  Marine x3  
  91  8:41  Medivac  
  91  8:42  Medivac  
  91  8:44  Orbital Command  
  95  8:53  SCV x2, Supply Depot  
  97  8:55  Marine  
  97  8:56  Marine x4  
  81  9:19  Marine x6  
  64  9:35  SCV  
  64  9:36  SCV  
  52  9:48  Marine  
  42  10:02  SCV, Marine  
  39  10:19  Marine  
  28  10:30  Marine x2  
  30  10:45  Marine  
  30  10:46  Marine  
  28  10:53  SCV x2  
  25  11:12  Marine  
  25  11:13  Marine x7  
  25  11:17  SCV x2  
  30  11:27  Marine  
  30  11:30  Marine  
  30  11:31  Marine  
  33  11:35  Orbital Command  
  33  11:36  Marine  
  33  11:37  Marine x3  
  33  11:39  SCV  
  32  11:54  Marine  
  32  11:55  Marine x7  
  32  12:00  SCV x2  
  42  12:08  SCV  
  43  12:10  Medivac  
  43  12:12  SCV  
  43  12:13  Medivac  
  48  12:42  SCV  
  48  12:43  SCV  
  50  12:48  Missile Turret  
  50  12:54  Marine  
  50  12:55  Marine  
  52  13:08  Marine  
  53  13:14  SCV  
  53  13:15  SCV x2, Marine  
  53  13:16  Marine  
  58  13:27  SCV  
  59  13:29  Marine  
  59  13:31  Marine  
  61  13:37  SCV x2  
  61  13:39  SCV  
  64  13:42  Marine x3  
  64  13:47  Marine  
  64  13:48  Marine  
  69  13:54  Marine  
  69  13:55  Marine x3  
  73  14:00  Marine  
  73  14:01  Marine x2  
  77  14:02  SCV  
  77  14:03  SCV  
  77  14:10  Marine x2  
  77  14:12  Marine  
  73  14:24  Marine  
  73  14:25  Marine x5  
Show
View Real Time Build Order
Export as new Build Order

llllllllllll Terran 

Build Orders: Reaper Expand, Hellion Banshee, Mech 

Get SALT Encoding   

  12  0:01  SCV  
  13  0:13  SCV  
  14  0:18  Supply Depot  
  14  0:25  SCV  
  15  0:30  Refinery  
  15  0:40  SCV  
  16  0:46  Barracks  
  16  0:52  SCV  
  17  1:04  SCV  
  18  1:16  SCV  
  19  1:34  Orbital Command  
  19  1:35  Reaper  
  20  1:52  Command Center  
  20  2:00  SCV  
  21  2:07  Factory  
  21  2:10  Barracks Reactor  
  21  2:17  Refinery  
  21  2:28  SCV  
  22  2:36  Supply Depot  
  22  2:41  SCV  
  23  2:53  Starport  
  23  2:57  Barracks Tech Lab  
  23  2:58  Hellion x2, SCV  
  27  3:19  Hellion x2  
  28  3:47  Orbital Command  
  27  3:49  Cloaking Field  
  27  3:53  SCV  
  28  4:14  Hellion x2  
  28  4:15  SCV x2  
  34  4:20  Banshee  
  35  4:42  SCV x2  
  37  4:46  Hellion x2  
  35  4:54  SCV x2  
  35  4:58  Barracks Tech Lab  
  37  5:03  Banshee  
  37  5:06  SCV  
  37  5:07  SCV  
  42  5:10  Hellion x2  
  46  5:24  Supply Depot x2  
  46  5:25  Supply Depot  
  46  5:46  Hellion x2, Banshee, SCV x2  
  43  5:58  SCV x2  
  45  6:06  Supply Depot  
  45  6:07  Hellion x2  
  45  6:10  SCV x2  
  51  6:16  Command Center  
  51  6:22  SCV x2  
  53  6:25  Factory  
  53  6:26  Refinery  
  53  6:34  SCV x2  
  53  6:39  Refinery  
  55  6:41  Siege Tank  
  55  6:42  Viking  
  55  6:46  SCV x2  
  59  6:57  Viking  
  59  6:58  SCV x2  
  63  7:02  Armory  
  63  7:07  Barracks Reactor  
  63  7:10  SCV x2  
  63  7:11  Siege Tank  
  63  7:14  Viking  
  70  7:23  Siege Tank, SCV x2  
  75  7:34  Viking  
  75  7:35  SCV x2  
  79  7:39  Orbital Command, Supply Depot  
  76  7:45  Siege Tank  
  76  7:47  SCV x2  
  81  7:53  Factory  
  81  7:55  Siege Tank  
  81  7:57  Terran Vehicle Weapons Level 1  
  84  7:58  Engineering Bay  
  84  7:59  SCV x2  
  86  8:06  Supply Depot, Engineering Bay  
  86  8:07  Orbital Command  
  86  8:15  Refinery x2  
  86  8:18  SCV x2  
  88  8:23  Siege Tank  
  88  8:24  Barracks Reactor  
  91  8:28  Supply Depot  
  91  8:30  SCV x2  
  93  8:36  Siege Tank  
  93  8:37  Hellion x2  
  93  8:38  Supply Depot  
  93  8:40  SCV  
  101  8:42  SCV x2  
  101  8:43  Viking x2  
  107  8:52  SCV, Supply Depot x2  
  107  8:54  SCV  
  109  8:55  Infernal Pre-Igniter  
  109  9:09  Siege Tank  
  115  9:10  Hellion x2  
  115  9:13  Factory  
  100  9:20  Siege Tank  
  100  9:21  Viking  
  100  9:22  Viking  
  83  9:31  Hellbat x2  
  62  9:41  Siege Tank  
  49  9:52  Hellbat x2, Siege Tank  
  38  9:53  Orbital Command  
  36  10:13  Siege Tank  
  39  10:31  SCV  
  34  10:57  SCV  
  34  11:11  Hellbat x2  
  32  11:14  Orbital Command  
  32  11:15  SCV  
  32  11:16  SCV  
  33  11:46  Hellion x4  
  31  11:49  Orbital Command  
  31  11:53  SCV x2  
  31  12:05  Hellbat  
  33  12:12  SCV x2  
  35  12:16  SCV  
  35  12:19  Factory Tech Lab  
  36  12:27  SCV  
  36  12:28  SCV  
  38  12:40  Hellbat x2  
  38  12:41  SCV  
  43  12:45  SCV  
  43  12:47  SCV  
  45  13:00  Siege Tank  
  48  13:07  Siege Tank  
  52  13:12  SCV  
  52  13:13  SCV  
  52  13:14  SCV  
  54  13:25  SCV  
  55  13:31  Starport  
  55  13:43  Thor  
  45  14:05  Supply Depot  
Show
View Real Time Build Order
Export as new Build Order

KingKong Zerg 

Build Orders: Hatch First 

Get SALT Encoding   

  12  0:00  Drone  
  13  0:13  Overlord  
  13  0:19  Drone  
  14  0:23  Drone, Extractor  
  15  0:32  Drone  
  16  0:38  Drone  
  17  0:52  Hatchery  
  17  0:56  Drone  
  17  1:02  Drone  
  18  1:10  Extractor  
  17  1:15  Spawning Pool  
  17  1:18  Drone  
  17  1:22  Drone  
  18  1:29  Drone  
  19  1:42  Drone  
  20  1:51  Drone  
  21  1:57  Hatchery  
  20  2:06  Queen  
  20  2:08  Drone  
  23  2:16  Metabolic Boost  
  23  2:18  Drone  
  24  2:26  Queen  
  24  2:28  Drone  
  27  2:34  Overlord  
  27  2:39  Overlord  
  27  2:44  Evolution Chamber  
  27  2:48  Drone x2  
  27  2:50  Overlord  
  28  2:56  Drone x2  
  30  3:00  Queen  
  30  3:05  Zergling x2  
  33  3:06  Zergling x2  
  33  3:07  Zergling x2  
  33  3:11  Zerg Melee Weapons Level 1  
  35  3:15  Zergling x4  
  35  3:18  Zergling x2  
  38  3:21  Zergling x4  
  38  3:22  Zergling x2  
  38  3:24  Zergling x2  
  42  3:30  Zergling x2  
  42  3:34  Zergling x6  
  44  3:35  Zergling x2  
  44  3:36  Zergling x2  
  49  3:41  Zergling x2  
  49  3:45  Zergling x8  
  53  3:49  Overlord  
  53  3:52  Zergling x2  
  53  3:55  Zergling x2  
  55  4:08  Hatchery  
  52  4:11  Drone x4  
  56  4:21  Overlord x2  
  56  4:22  Drone  
  57  4:26  Drone x3  
  57  4:30  Zergling x4  
  59  4:35  Zergling x6  
  52  4:40  Zergling x2  
  52  4:41  Zergling x4  
  48  4:45  Zergling x2  
  48  4:46  Zergling x4  
  48  4:47  Zergling x2  
  48  4:50  Zergling x2  
  52  4:53  Drone x2  
  54  5:04  Zergling x14  
  61  5:08  Zergling x2  
  61  5:15  Zergling x2  
  61  5:17  Zergling x2  
  62  5:23  Zergling x14  
  62  5:25  Zergling x2  
  62  5:27  Drone x2  
  69  5:34  Zergling x8  
  67  5:36  Zergling x2  
  67  5:40  Zergling x2  
  67  5:42  Zergling x6  
  54  5:51  Zergling x4  
  54  5:52  Zergling x10  
  54  5:56  Zergling x4  
  59  5:59  Zergling x6  
  58  6:04  Zergling x2  
  58  6:05  Zergling x2  
  58  6:07  Zergling x2  
  58  6:08  Zergling x2  
  58  6:09  Lair  
  61  6:12  Extractor  
  61  6:14  Zergling x2  
  61  6:17  Zergling x6  
  62  6:21  Zergling x6  
  62  6:24  Queen  
  62  6:25  Drone  
  68  6:29  Zergling x6  
  67  6:33  Zergling x2  
  67  6:36  Drone x3  
  68  6:40  Zergling x6  
  68  6:42  Drone  
  68  6:46  Overlord  
  72  6:50  Overlord  
  72  6:54  Overlord  
  72  7:02  Overlord  
  72  7:05  Zergling x14  
  72  7:07  Zergling x2  
  68  7:08  Zergling x2  
  68  7:11  Overseer  
  68  7:13  Zerg Melee Weapons Level 2  
  69  7:16  Drone  
  69  7:18  Zergling x6  
  69  7:22  Zergling x2  
  74  7:23  Evolution Chamber  
  74  7:24  Zergling x2  
  74  7:25  Zergling x2  
  74  7:29  Zergling x2  
  76  7:32  Drone x2  
  76  7:33  Drone  
  76  7:36  Drone x2  
  81  7:37  Infestation Pit, Zergling x2  
  81  7:40  Overlord  
  81  7:46  Drone x2  
  81  7:47  Drone x2  
  81  7:49  Drone  
  81  7:50  Drone x2  
  87  7:55  Zerg Ground Armor Level 1  
  87  7:57  Zergling x4  
  85  8:04  Zergling x10  
  90  8:08  Zergling x6  
  90  8:10  Zergling x4  
  90  8:12  Drone  
  95  8:14  Zergling x2, Extractor  
  95  8:15  Extractor  
  94  8:23  Zergling x14  
  94  8:25  Zergling x2  
  100  8:27  Zergling x4  
  100  8:28  Drone  
  100  8:30  Zergling x2  
  91  8:35  Zergling x2  
  91  8:36  Zergling x10  
  91  8:38  Drone  
  91  8:41  Drone  
  94  8:45  Zergling x2  
  94  8:46  Hive  
  93  8:51  Zergling x4, Extractor  
  93  8:52  Zergling x4  
  93  8:54  Zergling x2  
  97  8:59  Extractor  
  97  9:01  Zergling x8  
  100  9:04  Zergling x2  
  100  9:05  Zergling x4  
  100  9:06  Zergling x2  
  102  9:12  Zergling x6  
  102  9:13  Zergling x2  
  102  9:15  Zergling x4  
  89  9:17  Zergling x2  
  89  9:19  Zergling x2  
  89  9:20  Zergling x2  
  89  9:21  Zergling x2  
  88  9:25  Zergling x2  
  88  9:27  Zergling x6  
  89  9:31  Zergling x6  
  89  9:36  Zergling x6  
  84  9:42  Zergling x6  
  81  9:49  Zergling x2  
  81  9:50  Zergling x4  
  81  9:51  Zergling x2  
  81  9:52  Zergling x6  
  82  9:53  Zergling x2  
  82  9:54  Zergling x2  
  82  9:56  Zergling x2  
  82  9:59  Zergling x6  
  84  10:05  Zergling x6  
  85  10:12  Zergling x2  
  85  10:14  Zergling x6  
  84  10:17  Zergling x6  
  84  10:18  Zergling x2  
  84  10:20  Zergling x2  
  84  10:21  Zergling x2  
  83  10:29  Adrenal Glands  
  83  10:31  Zergling x6  
  86  10:37  Zergling x6  
  86  10:42  Zergling x6  
  91  10:43  Zergling x2  
  91  10:45  Zergling x2  
  91  10:49  Zergling x8  
  92  10:50  Zergling x2  
  92  10:52  Zergling x2  
  92  10:53  Zergling x2  
  89  10:57  Zergling x2  
  89  10:59  Zergling x6  
  89  11:00  Zergling x2  
  89  11:03  Zergling x2  
  89  11:04  Zergling x4  
  85  11:05  Zergling x2  
  85  11:08  Zergling x2  
  80  11:13  Zergling x10  
  80  11:15  Zergling x2  
  80  11:17  Zergling x2  
  80  11:18  Zergling x2  
  86  11:20  Zergling x2  
  86  11:23  Zergling x4  
  89  11:26  Zergling x2  
  89  11:31  Zergling x2  
  75  11:37  Zergling x6  
  64  11:41  Zergling x2  
  64  11:42  Zergling x2  
  61  11:49  Zergling x6  
  60  11:59  Zergling x2  
  61  12:12  Zergling x2  
  61  12:15  Drone  
  61  12:30  Hatchery  
  60  12:37  Zergling x2  
  60  12:38  Zergling x2  
  62  12:45  Overseer  
  62  12:50  Ultralisk Cavern  
  61  12:56  Zergling x10  
  66  13:04  Zergling x6  
  69  13:11  Zergling x6  
  72  13:17  Zergling x2  
  72  13:19  Zergling x2  
  74  13:23  Drone x2  
  74  13:24  Drone x2  
  78  13:28  Zergling x2  
  78  13:29  Zergling x2  
  80  13:35  Drone  
  80  13:36  Drone  
  81  13:41  Spore Crawler  
  81  13:44  Spore Crawler  
  81  13:47  Spore Crawler  
  78  13:52  Queen  
  79  14:05  Drone x3  
  71  14:10  Spore Crawler  
  71  14:14  Zergling x2  
  67  14:22  Zergling x2  
  67  14:23  Zergling x2  
Tags
 
Add a new tag
Caveats
  • Supply blocks, unpowered buildings, or Contaminate may cause inaccurate times.
  • Supply counts are checked every 10 seconds.